 Dungeon Crawl Stone Soup version 0.30-a0-1018-g25214051b3 (webtiles) character file.

Game seed: 17581053258934529057

30 kae the Chopper (level 3, -6/31 HPs)
             Began as a Hill Orc Fighter on Apr 7, 2023.
             Mangled by a thrashing horror (7 damage)
             ... on level 2 of the Abyss.
             The game lasted 00:01:01 (803 turns).

kae the Chopper (Hill Orc Fighter)                   Turns: 803, Time: 00:01:01

Health: -6/31      AC:  9    Str: 20    XL:     3   Next: 18%
Magic:  3/3        EV:  9    Int:  8    God:
Gold:   57         SH:  4    Dex: 10    Spells: 2/2 levels left

rFire   . . .      SeeInvis .    a - +1 war axe
rCold   . . .      Faith    .    c - +0 buckler
rNeg    . . .      Spirit   .    b - +0 scale mail
rPois   .          Reflect  .    f - +0 helmet
rElec   .          Rampage  .    g - +0 cloak
rCorr   .                        (no gloves)
Will    .....                    (no boots) Stlth
                                 (no amulet)
HPRegen 0.25/turn                (no ring)
MPRegen 0.08/turn                (no ring)

@: hasted, very quick
A: no striking features
a: no special abilities


You were on level 2 of the Abyss.
You visited 1 branch of the dungeon, and saw 2 of its levels.
You visited the Abyss 1 time.

You collected 57 gold pieces.


   Skills:
 - Level 3.6 Fighting
 + Level 4.7 Axes
 - Level 3.2 Armour
 - Level 3.2 Shields


You had 2 spell levels left.
You didn't know any spells.
Your spell library was empty.

Inventory:

Hand Weapons
 a - a +1 war axe (weapon)
Armour
 b - a +0 scale mail (worn)
 c - a +0 buckler (worn)
 f - a +0 helmet (worn)
   (You found it on level 1 of the Dungeon)
 g - a +0 cloak (worn)
   (You found it on level 1 of the Dungeon)
Potions
 d - a potion of might

Dungeon Overview and Level Annotations

Branches:
Dungeon (2/15) Zot: 11231

Altars:

Annotations:
D:2 Robin

#.. .........###
#.## #.#####....
...#...#.. #.#..
.. #..#....#.#.
....# #..... .# ##
#.....#.#..#.#
#####..###.#####
#.X..## .......#
#@##..#...........
#.#####. ..... ...
### #.........##
#...#....
#........#
#..._..#.#
#........#
##.......


You could see a thrashing horror.


Message History

Your +0 war axe glows red for a moment.
The neqoxec shouts!
As you read the scroll labelled XANIWNI VOFA, it crumbles to dust.
You hear the flapping of tiny wings.
It was a scroll of butterflies.
The neqoxec hits your butterfly!
Your butterfly dies!
Your butterfly disappears in a burst of colours!
It was a potion of cancellation.
You feel magically purged.
It was a potion of heal wounds.
You feel much better. The neqoxec hits your butterfly.
Your butterfly dies!
Your butterfly disappears in a burst of colours! 😎 HP[+17]
Your hp is fully restored (31).
You swap places.
You swap places.
The neqoxec closely misses your butterfly.
You swap places.
The neqoxec gestures at you.
Something tries to feed on your intellect!
Something barely misses your butterfly.
Found a gateway leading deeper into the Abyss.
Your butterfly disappears in a burst of colours!
Your butterfly disappears in a burst of colours!
Your butterfly disappears in a burst of colours!
A thrashing horror comes into view.
The thrashing horror roars!
Your butterfly disappears in a burst of colours!
The thrashing horror tramples you but does no damage. x2
You closely miss the thrashing horror. The thrashing horror tramples you.
You hold your ground!
The thrashing horror tramples you but does no damage.
You block the thrashing horror's attack.
The thrashing horror tramples you but does no damage. 😕 HP[-4]
You take 4 damage, and now have 27/31 hp.
The thrashing horror tramples you!
You stumble backwards! 😮 HP[-7]
You take 7 damage, and now have 20/31 hp.
MASSIVE DAMAGE!! (PAUSE)
The thrashing horror tramples you!
* * * LOW HITPOINT WARNING * * *
You stumble backwards! 😨 HP[-7]
You take 7 damage, and now have 13/31 hp.
MASSIVE DAMAGE!! (PAUSE)
You slash the thrashing horror! The thrashing horror barely misses you.
You block the thrashing horror's attack.
The thrashing horror closely misses you.
The thrashing horror tramples you but does no damage.
The thrashing horror closely misses you.
The thrashing horror tramples you.
* * * LOW HITPOINT WARNING * * *
You stumble backwards!
Found a corrupted altar of Lugonu. 😨 HP[-4]
You take 4 damage, and now have 9/31 hp.
You hit the thrashing horror.
The thrashing horror closely misses you. x2
You slash the thrashing horror! The thrashing horror tramples you!
* * * LOW HITPOINT WARNING * * *
You stumble backwards! 😱 HP[-7]
You take 7 damage, and now have 2/31 hp.
MASSIVE DAMAGE!! (PAUSE)
You feel much better. The thrashing horror tramples you.
You stumble backwards! 😮 HP[+15]
You regained 15 hp, and now have 17/31 hp.
It was a potion of haste.
You feel yourself speed up. The thrashing horror barely misses you.
The thrashing horror tramples you but does no damage. x3
You closely miss the thrashing horror. The thrashing horror barely misses you.
You block the thrashing horror's attack.
Unknown command.
The thrashing horror attacks as you move away!
The thrashing horror barely misses you.
The thrashing horror tramples you but does no damage.
The thrashing horror tramples you!
* * * LOW HITPOINT WARNING * * *
You hold your ground!
The thrashing horror tramples you but does no damage. 😱 HP[-10]
You take 10 damage, and now have 7/31 hp.
MASSIVE DAMAGE!! (PAUSE) 😨 HP[+1]
The thrashing horror tramples you but does no damage. x2
The thrashing horror attacks as you move away!
The thrashing horror tramples you but does no damage. x2
The thrashing horror closely misses you.
The thrashing horror tramples you.
* * * LOW HITPOINT WARNING * * *
You stumble backwards! 😱 HP[-5]
You take 5 damage, and now have 3/31 hp.
The thrashing horror tramples you.
* * * LOW HITPOINT WARNING * * *
You hold your ground!
The thrashing horror tramples you!
You die...

Skill      XL: |  1  2 |
---------------+-------+-----
Axes           | 3 4 |  4.7
Fighting       | |  3.6
Armour         | |  3.2
Shields        | |  3.2

Action                     || total
---------------------------++-------
  Melee: War axe           ||    56
    Use: Potion            ||     4
         Scroll            ||     2
 Armour: Scale mail        ||    49
  Dodge: Dodged            ||    49
  Block: Buckler           ||    28

Levels and vault maps discovered:
D:1:      dpeg_arrival_tiny_f, layout_basic, basic_ecumenical_altar,
          minmay_domino_4
D:2:      layout_rooms, basic_altar, skrybe_limestone_x, hex_tiny, uniq_sigmund,
          uniq_robin
Abyss:2:  base:
D:2

Notes
Turn   | Place    | Note
-------+----------+-------------------------------------------
     0 | D:1      | kae the Hill Orc Fighter began the quest for the Orb.
     0 | D:1      | Reached XP level 1. HP: 19/19 MP: 1/1
     0 | D:1      | magus.rc [v1.11.3]
    48 | D:1      | Reached skill level 3 in Axes
   130 | D:1      | Reached XP level 2. HP: 26/26 MP: 2/2
   421 | D:1      | Found a faded altar of an unknown god.
   438 | D:1      | Reached skill level 4 in Axes
   741 | D:2      | Noticed Robin
   746 | D:2      | Reached XP level 3. HP: 26/31 MP: 3/3
   749 | D:2      | You are cast into the Abyss!
   749 | Abyss:2  | Cast into level 2 of the Abyss (Robin)
   752 | Abyss:2  | Noticed a neqoxec
   784 | Abyss:2  | Noticed a thrashing horror
   791 | Abyss:2  | Found a corrupted altar of Lugonu.
   793 | Abyss:2  | HP: 2/31 [thrashing horror (7)]
   798 | Abyss:2  | HP: 7/31 [thrashing horror (10)]
   802 | Abyss:2  | HP: 3/31 [thrashing horror (5)]
   803 | Abyss:2  | HP: 1/31 [thrashing horror (2)]
   803 | Abyss:2  | Mangled by a thrashing horror

Vanquished Creatures
  3 ball pythons (D:1)
  A giant cockroach (D:1)
  10 goblins
  6 hobgoblins
  A jackal (D:1)
  2 bats (D:1)
  2 frilled lizards (D:1)
  2 rats (D:1)
27 creatures vanquished.

Table legend:
 A = Non-vault XP
 B = Vault XP
 C = Vault XP percentage of total XP
 D = Non-vault monster count
 E = Vault monster count
 F = Vault count percentage of total count
                 A         B        C        D         E       F
            +---------+---------+-------+---------+---------+-------
      Total |      21 |      22 |  51.2 |      13 |      14 |  51.9
            +---------+---------+-------+---------+---------+-------
        D:1 |      19 |       5 |  20.8 |      12 |       4 |  25.0
        D:2 |       2 |      17 |  89.5 |       1 |      10 |  90.9
            +---------+---------+-------+---------+---------+-------

Illustrated notes

Table legend:
 A = Kills in this place as a percentage of kills in the entire game.
 B = Kills by you in this place as a percentage of kills by you in the entire game.
 C = Kills by friends in this place as a percentage of kills by friends in the entire game.
 D = Other kills in this place as a percentage of other kills in the entire game.
 E = Experience gained in this place as a percentage of experience gained in the entire game.
 F = Experience gained in this place divided by the number of levels of this place that you have seen.
                   A       B       C       D       E      F
               +-------+-------+-------+-------+-------+----------------------
         Total | 100.0 | 100.0 |   N/A |   N/A | 100.0 |  14.3
       Dungeon | 100.0 | 100.0 |   N/A |   N/A | 100.0 |  21.5
               +-------+-------+-------+-------+-------+----------------------

Table legend: (Time is in decaauts)
 A = Elapsed time spent in this place.
 B = Non-inter-level travel time spent in this place.
 C = Inter-level travel time spent in this place.
 D = Time resting spent in this place.
 E = Time spent auto-exploring this place.
 F = Levels seen in this place.
 G = Mean time per level.
                   A        B        C        D        E       F      G
               +--------+--------+--------+--------+--------+-----+--------+
         Total |    820 |    798 |     22 |      2 |    604 |   3 |  273.3 |
       Dungeon |    767 |    745 |     22 |      0 |    604 |   2 |  383.5 |
         Abyss |     52 |     52 |      0 |      2 |      0 |   1 |   52.0 |
               +--------+--------+--------+--------+--------+-----+--------+

Top non-repeatable levels by time:
     D:1: 757 daAuts
 Abyss:2: 52 daAuts
     D:2: 10 daAuts
